 Dungeon Crawl Stone Soup version 0.24.0-125-gc4c63601f3 (webtiles) character file.

Game seed: 13146782523967677406, levelgen mode: deterministic

62 Martska the Skirmisher (level 3, 0/29 HPs)
             Began as a Demonspawn Monk on Feb 22, 2020.
             Slain by an orc
             ... wielding a +0 short sword
              (3 damage)
             ... on level 2 of the Dungeon.
             The game lasted 00:07:36 (2705 turns).

Martska the Skirmisher (Demonspawn Monk)            Turns: 2705, Time: 00:07:36

Health: 0/29       AC:  3    Str: 12    XL:     3   Next: 85%
Magic:  0/3        EV: 13    Int: 11    God:
Gold:   136        SH:  0    Dex: 15    Spells: 2/2 levels left

rFire    . . .     SeeInvis .     - Unarmed
rCold    . . .     Gourm    .   (no shield)
rNeg     . . .     Faith    .   c - +0 leather armour
rPois    .         Spirit   +   (helmet restricted)
rElec    .         Reflect  .   (no cloak)
rCorr    .         Harm     .   (no gloves)
MR       .....                  (no boots)
Stlth    ++........             (no amulet)
HPRegen  0.09/turn              (no ring)
MPRegen  0.08/turn              (no ring)

@: no status effects
A: antennae 1, magic shield
a: no special abilities


You were on level 2 of the Dungeon.
You were not hungry.

You visited 1 branch of the dungeon, and saw 3 of its levels.

You collected 136 gold pieces.

Inventory:

Armour
 a - a +0 robe
 c - a +0 leather armour (worn)
Scrolls
 e - a scroll of identify
Potions
 d - a potion of mutation {unknown}
 h - a potion of ambrosia
 i - a potion of curing {unknown}
 k - a potion of degeneration {unknown}
 l - a potion of heal wounds {unknown}
 m - a potion of cancellation {unknown}
Comestibles
 b - 6 rations


   Skills:
 * Level 3.6 Fighting
 * Level 3.3 Dodging
 - Level 1.7 Stealth
 * Level 3.3 Unarmed Combat
 - Level 0.2 Spellcasting


You had 2 spell levels left.
You didn't know any spells.
Your spell library was empty.

Dungeon Overview and Level Annotations

Branches:
Dungeon (3/15)

Altars:
Gozag

Annotations:
D:2 Sigmund


Innate Abilities, Weirdness & Mutations

You have a pair of small antennae on your head.
When hurt, damage is shared between your health and your magic reserves.


Message History

* * * LOW HITPOINT WARNING * * *
You hit the orc but do no damage. The orc hits you with a +0 short sword.
* * * LOW HITPOINT WARNING * * *
Items here: ) [[ †† a +0 ring mail x2; a +0 whip; an orc corpse x2
As you read the scroll labeled JIDIZYESO, it crumbles to dust.
It is a scroll of identify.
h - a potion of ambrosia The orc hits you with a +0 short sword.
* * * LOW HITPOINT WARNING * * *
As you read the scroll labeled SEZUILAXTY, it crumbles to dust.
You feel blessed for a moment.
It was a scroll of remove curse.
The orc barely misses you.
As you read the scroll labeled WIEHUC RISIDIU, it crumbles to dust.
You hear the distant roaring of an enraged gnoll.
It was a scroll of random uselessness.
The orc misses you.
As you read the scroll labeled MODGHY CAOTO, it crumbles to dust.
You feel aware of your surroundings.
It was a scroll of magic mapping.
The orc hits you with a +0 short sword.
You die...

#.#.............#
##.#.###########.#
...........# #.# ##...#####.#
#.# .....# #.# #.# ##.#.#
#.### #># ##.#.## #...# #[#
......# #.#.# #o# ...#..#
#.#.###@############ ####..#
#.#................#
####..####...###.##########.#
.[............##.# #.#
####.............# ####.# #
#########..#### #....#
####### #..# #.#### ......#
#..# #.# #####.# #..######
#.#


You could see an orc.

Vanquished Creatures
  An ooze (D:2)
  2 worms
  4 leopard geckos
  2 orcs (D:2)
  A giant cockroach (D:1)
  6 goblins
  5 hobgoblins
  3 jackals (D:1)
  3 kobolds
  2 quokkas (D:3)
  A ball python (D:1)
  5 bats
  9 rats
44 creatures vanquished.

Notes
Turn   | Place    | Note
-------+----------+-------------------------------------------
     0 | D:1      | Martska the Demonspawn Monk began the quest for the Orb.
     0 | D:1      | Reached XP level 1. HP: 18/18 MP: 1/1
   144 | D:1      | Gained mutation: You have a pair of small antennae on your
                  | head. [demonic ancestry]
   144 | D:1      | Reached XP level 2. HP: 22/24 MP: 2/2
   846 | D:2      | Noticed Sigmund
   886 | D:2      | Noticed a crimson imp
  1310 | D:2      | Gained mutation: When hurt, damage is shared between your
                  | health and your magic reserves. [demonic ancestry]
  1310 | D:2      | Reached XP level 3. HP: 29/29 MP: 3/3
  2505 | D:3      | Found an opulent altar of Gozag.
  2705 | D:2      | Slain by an orc

Levels and vault maps discovered:
D:1:      mrwooster_arrival_statue, layout_loops_ring
D:2:      layout_loops_ring, minmay_indecisive_spiral, uniq_jessica,
          uniq_sigmund
D:3:      layout_loops_ring, grunt_gozag_statues,
          gammafunk_temple_overflow_wave, first_ration

Skill      XL: |  1  2 |
---------------+-------+-----
Unarmed Combat | 3 |  3.3
Dodging        | 3 |  3.3
Fighting       | |  3.6
Stealth        | |  1.7
Spellcasting   | |  0.2

Action                   || total
-------------------------++-------
Melee: Unarmed           ||   262
       Punch             ||     4
  Use: Scroll            ||     4
 Stab: Sleeping          ||     3
  Eat: Ration            ||     2
       Chunk             ||     1
Armor: Leather armour    ||    38
Dodge: Dodged            ||   178
